AoeStats
← 859

Lombardia

509922168Analyzed
4v4 RM · 5d ago on Sep 28, 2026· 11m 25s· 8 players
Game mode
Random Map
Map size
Large (8 player)
Population
200
Speed
Normal
Resources
Standard
Victory
Conquest
Starting age
Dark Age
Ending age
Imperial Age
RankedLock teamsTeams togetherTeam positionsShared explorationLock speedFull tech treeHidden civsTurbo modeCheats
Victory
Defeat
🇨🇳 Franks · China
1522
+10
🇦🇷 Slavs · Argentina
1452
+13
🇨🇳 Mongols · China
1393
+15
🇨🇳 Persians · China
1285
+20
🇦🇷 Saracens · Argentina
1549
-22
🇦🇷 Mongols · Argentina
1398
-15
🇦🇷 Hindustanis · Argentina
1300
-11
🇦🇷 Magyars · Argentina
1262
-10
860
12:12 Feudal Age
NicoRespeto
5:57 Loom
11:45 Feudal Age
859
10:39 Feudal Age
10:58 Loom
Su-deity
5:54 Loom
6:28 Loom
9:19 Feudal Age
9:51 Double-Bit Axe
PSX | Cristov
9:01 Feudal Age
9:51 Double-Bit Axe
Eman3007
7:13 Loom
9:25 Feudal Age
9:56 Double-Bit Axe
9:54 Horse Collar
EL TOPO YIYO
1:31 Loom
10:34 Feudal Age
PSX | DP11C
7:00 Loom
9:17 Feudal Age
10:17 Double-Bit Axe
Connection lost

Rejoining the realm…

Still unreachable

The connection could not be restored.

Session expired

The server has moved on; the page needs a fresh start.